 Dungeon Crawl Stone Soup version 0.31.0-12-g77e489cdc1 (webtiles) character file.

Game seed: 6551807814327412007

183 Silvore the Covered (level 5, 0/47 HPs)
             Began as a Minotaur Fighter on Feb 17, 2024.
             Slain by a river rat (7 damage)
             ... on level 3 of the Dungeon.
             The game lasted 00:02:40 (1812 turns).

Silvore the Covered (Minotaur Fighter)              Turns: 1812, Time: 00:02:40

Health: 0/47       AC:  7    Str: 22    XL:     5   Next: 35%
Magic:  4/4        EV:  9    Int:  5    God:
Gold:   90         SH:  4    Dex: 10    Spells: 4/4 levels left

rFire   . . .        a - +0 long sword
rCold   . . .        c - +0 buckler
rNeg    . . .        b - +0 scale mail
rPois   .            (helmet restricted)
rElec   .            (no cloak)
rCorr   .            (no gloves)
SInv    +            (no boots)
Will    .....        g - amulet of the acrobat Stlth
                     f - ring of see invisible
HPRegen 0.27/turn    (no ring)
MPRegen 0.09/turn

%: acrobat
@: mighty, very slow
A: horns 2, retaliatory headbutt
a: no special abilities


You were on level 3 of the Dungeon.
You visited 1 branch of the dungeon, and saw 3 of its levels.

You collected 90 gold pieces.

Inventory:

Hand Weapons
 a - a +0 long sword (weapon)
Armour
 b - a +0 scale mail (worn)
 c - a +0 buckler (worn)
Jewellery
 f - a ring of see invisible (left hand)
 g - an amulet of the acrobat (around neck)
 h - a ring of wizardry
Scrolls
 i - a scroll of enchant armour {unknown}
 j - a scroll of identify
Potions
 d - 2 potions of might
 e - a potion of degeneration
 m - a potion of haste


   Skills:
 + Level 4.7 Fighting
 + Level 4.2 Long Blades
 + Level 4.9 Armour
 + Level 0.7 Dodging
 + Level 4.4 Shields


You had 4 spell levels left.
You didn't know any spells.
Your spell library contained the following spells:

 Spells                   Type           Power      Damage    Failure   Level
 Slow                     Hex            0%         N/A       85%         1
 Static Discharge         Conj/Air       0%         3-3/arc   94%         2
 Call Canine Familiar     Summ           0%         N/A       99%         3
 Confusing Touch          Hex            0%         N/A       99%         3
 Sigil of Binding         Hex            0%         N/A       99%         3
 Vampiric Draining        Necr           0%         2d6       99%         3
 Airstrike                Air            0%         2d(0-16)  100%        4
 Dimensional Bullseye     Hex/Tloc       0%         N/A       100%        4
 Summon Lightning Spire   Summ/Air       0%         N/A       100%        4


Dungeon Overview and Level Annotations

Branches:
Dungeon (3/15)

Altars:


Innate Abilities, Weirdness & Mutations

You have a pair of horns on your head.
You reflexively headbutt those who attack you in melee.


Message History

The adder misses you. You furiously retaliate!
You headbutt the adder!
You kill the adder!
A rat comes into view.
You slash the ribbon worm!
The ribbon worm is moderately wounded.
The ribbon worm splashes around in the water.
Your unstable footing causes you to fumble your attack.
You hear the quick rusting of a drain very nearby.
The ribbon worm closely misses you.
Your unstable footing causes you to fumble your attack.
The ribbon worm bites you.
* * * LOW HITPOINT WARNING * * *
You barely miss the ribbon worm.
The ribbon worm is moderately wounded.
The ribbon worm bites you but does no damage.
Your unstable footing causes you to fumble your attack.
The ribbon worm expels a string of sticky webbing.
The stream of webbing hits you but does no damage.
You are caught in a web!
Your unstable footing causes you to fumble your attack.
The ribbon worm barely misses you. You furiously retaliate!
You headbutt the ribbon worm! You hit the ribbon worm.
You kill the ribbon worm!
You slash the river rat!
You kill the river rat!
Your unstable footing causes you to fumble your attack.
The river rat bites you but does no damage.
You closely miss the river rat. Your headbutt misses the river rat.
The river rat bites you!
* * * LOW HITPOINT WARNING * * *
You closely miss the rat. The river rat bites you.
* * * LOW HITPOINT WARNING * * *
You slash the rat!
You kill the rat!
You block the river rat's attack.
Your unstable footing causes you to fumble your attack.
An adder comes into view.
The river rat bites you!
You die...

####
#...#####
#...#~r@#
##..~#~#r#
#...~#†#~#
#..~~~~#~~
#...~#~#S##
#...~~~#~~
#....#~###
#...~~~#
#....~~####
######


You could see an adder (wandering), a river rat and a rat.

Vanquished Creatures
  An orc wizard (D:3)
  5 adders
  3 river rats (D:3)
  A dart slug (D:1)
  5 ribbon worms
  5 orcs (D:3)
  7 ball pythons
  3 endoplasms (D:1)
  3 giant cockroaches (D:1)
  2 goblins (D:1)
  6 hobgoblins
  7 jackals
  A kobold (D:1)
  4 quokkas
  3 bats
  3 frilled lizards
  10 rats
69 creatures vanquished.

Notes
Turn   | Place    | Note
-------+----------+-------------------------------------------
     0 | D:1      | Silvore the Minotaur Fighter began the quest for the Orb.
     0 | D:1      | Reached XP level 1. HP: 19/19 MP: 0/0
   273 | D:1      | Reached XP level 2. HP: 25/27 MP: 1/1
   484 | D:1      | Reached XP level 3. HP: 26/33 MP: 2/2
  1208 | D:2      | Reached XP level 4. HP: 40/41 MP: 3/3
  1771 | D:3      | Reached XP level 5. HP: 21/47 MP: 4/4
  1812 | D:3      | Slain by a river rat

Illustrated notes

Levels and vault maps discovered:
D:1:      sevenhm_arrival_forest_fort_small_5, layout_loops_ring
D:2:      layout_basic, hangedman_decor_riveting
D:3:      layout_basic, serial_co_window_serial, co_window_corner_a,
          co_window_corner_a, co_window_paths_a, co_window_paths_a,
          co_window_corner_a, co_window_corner_ca, co_window_broadway_a,
          co_window_2corner, co_window_paths_d, glass_columns_a,
          glass_columns_a, glass_columns_a, glass_columns_b, glass_columns_c,
          lightli_sewer_entry_pipes

Skill      XL: |  1  2  3  4  5 |
---------------+----------------+-----
Armour         | 4 |  4.9
Fighting       | 4 |  4.7
Shields        | 4 |  4.4
Long Blades    | 3 4 |  4.2
Dodging        | |  0.7

Action                     |  1- 3 |  4- 6 || total
---------------------------+-------+-------++-------
  Melee: Long sword        |    87 |    81 ||   168
         Headbutt          |    16 |    13 ||    29
    Use: Scroll            |     2 |     6 ||     8
         Potion            |       |     2 ||     2
 Armour: Scale mail        |    71 |    85 ||   156
  Dodge: Dodged            |    45 |    45 ||    90
  Block: Buckler           |    21 |    20 ||    41
